 Dungeon Crawl Stone Soup version 0.21.1-1-g345015fe64 (webtiles) character file.

38255 Fymir27 the Covert (level 13, -11/91 HPs)
             Began as a Vampire Enchanter on May 31, 2018.
             Was a High Priest of Yredelemnul.
             Killed from afar by a molten gargoyle (21 damage)
             ... with a bolt of magma
             ... on level 6 of the Lair of Beasts.
             The game lasted 02:17:53 (21012 turns).

Fymir27 the Covert (Vampire Enchanter)             Turns: 21012, Time: 02:17:53

Health: -11/91     AC:  6    Str:  7    XL:     13   Next: 62%
Magic:  1/19       EV: 20    Int: 24    God:    Yredelemnul [*****.]
Gold:   989        SH:  8    Dex: 16    Spells: 2/20 levels left

rFire    + . .     SeeInvis +   a - +2 dagger (freeze)
rCold    + . .     Gourm    .   W - +3 buckler
rNeg     + + +     Faith    .   c - +0 robe
rPois    ∞         Spirit   .   n - +0 helmet
rElec    .         Reflect  .   C - +0 cloak
rCorr    .         Harm     .   J - +0 pair of gloves
MR       +....                  O - +0 pair of boots
Stlth    ++++++++..             (no amulet)
HPRegen  0.00/turn              x - ring of fire
MPRegen  0.16/turn              Y - +3 ring of intelligence (curse)

@: bloodless, non-regenerating
A: fangs 3, see invisible, unbreathing
a: Bat Form, Recall Undead Slaves, Injury Mirror, Animate Dead, Drain Life,
Enslave Soul, Renounce Religion


You were on level 6 of the Lair of Beasts.
You worshipped Yredelemnul.
Yredelemnul was extremely pleased with you.
You were bloodless.

You visited 3 branches of the dungeon, and saw 18 of its levels.
You also visited: Ossuary and Volcano.

You collected 1285 gold pieces.
You spent 296 gold pieces at shops.

Inventory:

Hand Weapons
 a - a +2 dagger of freezing (weapon)
 b - a +6 demon blade of venom
 m - a +3 short sword of draining
 w - a +0 whip of electrocution
 z - a +0 dagger of venom
Missiles
 f - 415 arrows
 B - 7 tomahawks of returning (quivered)
 M - a throwing net
Armour
 c - a +0 robe (worn)
 n - a +0 helmet (worn)
 C - a +0 cloak (worn)
 D - +0 acid dragon scales
 J - a +0 pair of gloves (worn)
 O - a +0 pair of boots (worn)
 W - a +3 buckler (worn)
Jewellery
 x - a ring of fire (left hand)
 y - an uncursed ring of resist corrosion
 A - a +1 ring of protection
 R - an uncursed ring of flight
 U - a +1 ring of slaying
 Y - a cursed +3 ring of intelligence (right hand)
Wands
 l - a wand of scattershot (2)
 q - a wand of paralysis (11)
 u - a wand of clouds (4)
 H - a wand of flame (25)
 I - a wand of polymorph (18)
 K - a wand of disintegration (32)
 X - a wand of enslavement (10)
Scrolls
 h - 9 scrolls of teleportation
 i - 10 scrolls of remove curse
 j - 4 scrolls of amnesia
 o - 4 scrolls of magic mapping
 v - a scroll of enchant weapon
 G - a scroll of identify
 P - 4 scrolls of fear
 Q - 3 scrolls of blinking
 V - 2 scrolls of silence
 Z - 2 scrolls of immolation
Potions
 d - 5 potions of blood
 e - 3 potions of might
 g - 3 potions of magic
 k - a potion of invisibility
 p - 4 potions of flight
 r - 10 potions of agility
 s - 2 potions of resistance
 t - 5 potions of brilliance
 E - 3 potions of mutation
 F - 2 potions of curing
 N - 3 potions of haste
Books
 L - a book of Summonings

   Spells                             Type                      Level
   a - Recall                         Summoning/Translocation      3
   b - Aura of Abjuration             Summoning                    5
   c - Summon Demon                   Summoning                    5
   d - Summon Forest                  Summoning/Translocation      5
   e - Summon Mana Viper              Hexes/Summoning              5
   f - Shadow Creatures               Summoning                    6
 S - a book of Spatial Translocations

   Spells                             Type                      Level
   a - Blink                          Translocation                2
   b - Shroud of Golubria             Charms/Translocation         2
   c - Lesser Beckoning               Translocation                3
   d - Gell's Gravitas                Translocation                3
   e - Teleport Other                 Translocation                3
   f - Passage of Golubria            Translocation                4
 T - a book of Battle

   Spells                             Type                      Level
   a - Infusion                       Charms                       1
   b - Shroud of Golubria             Charms/Translocation         2
   c - Song of Slaying                Charms                       2
   d - Spectral Weapon                Hexes/Charms                 3
   e - Regeneration                   Charms/Necromancy            3


   Skills:
 + Level 5.3 Fighting
 - Level 10.0 Short Blades
 + Level 10.2 Dodging
 + Level 14.9 Stealth
 - Level 4.0 Shields
 - Level 4.0 Spellcasting
 + Level 14.3 Hexes
 + Level 3.4 Translocations
 - Level 7.0 Ice Magic
 + Level 7.9 Invocations


You had 2 spell levels left.
You knew the following spells:

 Your Spells              Type           Power        Failure   Level  Hunger
a - Shroud of Golubria    Chrm/Tloc      ##........   8%          2    #......
b - Ensorcelled Hibernat  Hex/Ice        ######       1%          2    #......
c - Confuse               Hex            ######..     1%          3    ##.....
d - Spectral Weapon       Hex/Chrm       #####...     1%          3    ##.....
e - Blink                 Tloc           N/A          3%          2    #......
f - Passwall              Tmut/Erth      #.........   14%         2    #......
g - Tukima's Dance        Hex            ######..     1%          3    ##.....
h - Corona                Hex            ######.      1%          1    None


Dungeon Overview and Level Annotations

Branches:
Dungeon (11/15)            Temple (1/1) D:6            Lair (6/6) D:11
  Swamp (0/4) Lair:3       Spider (0/4) Lair:4          Orc (0/2) D:11
  Slime: Lair:5-6

Altars:
Ashenzari
Cheibriados
Dithmenos
Elyvilon
Fedhas
Gozag
Hepliaklqana
Kikubaaqudgha
Makhleb
Nemelex Xobeh
Okawaru
Qazlal
Ru
Sif Muna
Trog
Uskayaw
Vehumet
Wu Jian
Xom
Yredelemnul
Zin
The Shining One

Shops:
D:5 !   D:9 *   D:10 *

Annotations:
D:8 2 transporters
D:9 Erica
Lair:6 1 runed door


Innate Abilities, Weirdness & Mutations

You do not heal naturally.
You are immune to poison.
You have razor-sharp teeth.
You have supernaturally acute eyesight. (SInv)
You can survive without breathing.


Message History

The molten gargoyle hits your vampire with a flail!
Your vampire is engulfed in flames!
Okay, then.
You call on the dead to rise...
The dead are walking, flying and slithering!
The black mamba misses your spectral weapon.
Your wyvern zombie bites the molten gargoyle but does no damage.
Your vampire points at the molten gargoyle and mumbles some strange words.
The molten gargoyle resists with almost no effort.
Your skeletal warrior hits the molten gargoyle but does no damage.
The komodo dragon bites your spectral weapon but does no damage.
The black mamba bites your spectral weapon!!
Your spectral weapon shares its damage with you!
* * * LOW HITPOINT WARNING * * *
The molten gargoyle blasts magma at you!
The bolt of magma hits your vampire.
Your vampire is destroyed!
The bolt of magma hits you! You partially resist.
You die...
Yredelemnul claims you as an undead slave.

........##
##§§###.Z.......#.≈§##
...#.[...#
#§§≈≈≈##........#..##8
[.......##
#≈≈≈≈≈§.##..≈§≈###..#.
...##..##
§##≈≈..≈##§§§≈§≈.≈§§.
...#..##
#≈§..≈≈#§§≈≈≈.§≈#..
...##..## # #
##..≈§≈≈######.§§..
.P.Z#...# #.#8##Z##≈≈##
!) ##.≈§# .Z.(....#
#.....Z#≈≈#$?..$$#.≈§≈
........#
#8#.Z.@.Z#≈#......#≈§..
....P....#
#..z.l.≈≈#......#≈#..
...#....##
#..Z9S.§≈#......#≈#..
.P..#.P.#
#...(l#≈§##....# ##.
...PPPP## #......#§§§#
+ ## ......P#
.........#§§§§ #
.......P ..........
..§§. §
###...........§. #≈
####.§§§. .§§. #≈


You could see 2 komodo dragons, a black mamba, a molten gargoyle, a friendly
skeletal warrior, a friendly spectral dagger of freezing, a friendly basilisk
zombie, a friendly black mamba zombie, 2 friendly wyvern zombies and a friendly
steam dragon zombie.

Vanquished Creatures
  An orc warlord (D:9)
  2 hydras
  A two-headed ogre (D:10)
  A death yak (Lair:2)
  A fire crab (Lair:6)
  An unseen horror (D:10)
  Pikel (D:5)
  An ugly thing (D:7)
  A wolf spider (Lair:4)
  3 oklob plants
  4 black mambas
  2 torpor snails
  5 spiny frogs
  A rime drake (Lair:3)
  The ghost of zuik the Spear-Bearer, a novice MfGl (D:4)
  3 komodo dragons
  An efreet (Volcano)
  A troll (D:11)
  Grinder (D:3)
  13 blink frogs
  5 dream sheep (Lair:3)
  6 hippogriffs
  Sigmund (D:2)
  A spriggan (D:7)
  2 wraiths (Ossuary)
  7 wyverns
  15 yaks
  3 fire elementals (Volcano)
  3 steam dragons
  Eustachio (D:6)
  16 wargs
  5 basilisks
  5 porcupines
  4 water moccasins
  10 orc warriors
  A hornet zombie (D:8)
  3 black bears
  2 sky beasts
  2 phantoms
  A slave (D:5)
  3 ice beasts
  2 necrophages
  5 ogres
  5 centaurs
  9 crocodiles
  3 big kobolds
  8 bullfrogs
  A gnoll sergeant (D:6)
  3 jellies
  A water moccasin skeleton (D:5)
  4 scorpions
  13 killer bees
  3 howler monkeys (D:7)
  4 wights (Ossuary)
  4 crimson imps
  3 bullfrog zombies
  A lava snake (Lair:6)
  4 hounds
  Crazy Yiuf (D:7)
  2 bullfrog skeletons
  3 centaur skeletons
  5 orc priests
  5 iguanas
  Jessica (D:2)
  A black bear zombie (D:11)
  10 orc wizards
  5 worker ants
  Natasha (D:3)
  A killer bee zombie (D:5)
  A big kobold zombie (D:9)
  A worker ant zombie (D:10)
  Robin (D:2)
  11 gnolls
  9 adders
  2 shadow imps
  5 adder zombies
  A worm (D:3)
  5 dart slugs
  6 leopard geckos
  50 orcs
  4 giant cockroaches
  27 goblins
  11 hobgoblins
  10 jackals
  17 kobolds
  6 quokkas
  7 bats
  4 frilled lizards
  3 hobgoblin skeletons (Ossuary)
  2 jackal skeletons
  A leopard gecko skeleton (D:5)
  An orc skeleton (Ossuary)
  3 orc zombies
  A quokka zombie (D:11)
  6 rats
  A fungus (Lair:2)
445 creatures vanquished.

Vanquished Creatures (collateral kills)
  Rupert (Lair:5)
  A catoblepas (Lair:2)
  An unseen horror (D:10)
  A centaur zombie (D:11)
  A black mamba (Lair:6)
  2 molten gargoyles (Lair:6)
  A gargoyle (D:10)
  A spiny frog (Lair:3)
  2 komodo dragons
  5 dream sheep (Lair:3)
  16 blink frogs
  A hippogriff (Lair:5)
  9 yaks
  2 basilisks
  3 wargs
  An acid dragon (D:11)
  2 porcupines
  5 hell hounds (Lair:6)
  2 orc warriors
  3 centaurs (D:11)
  2 bullfrogs
  A wyvern skeleton (D:11)
  12 killer bees
  2 lava snakes (Lair:6)
  An orc priest (D:11)
  An orc wizard (D:11)
  2 gnolls (D:8)
  10 orcs
  4 kobolds
  A bush (D:11)
  18 fungi
  8 plants
122 creatures vanquished.

Vanquished Creatures (others)
  12 flying skulls
  A wraith (Lair:6)
  2 vampires (Lair:6)
  A black mamba zombie (Lair:6)
  2 blink frog zombies
  A torpor snail zombie (Lair:2)
  4 hell hound zombies (Lair:6)
  4 warg zombies (D:9)
  5 yak zombies
  2 wights
  A killer bee zombie (D:11)
  An acid dragon zombie (D:11)
  A mummy (Lair:4)
  An iguana zombie (D:9)
  2 adder zombies
  4 kobold zombies
  An orc skeleton (D:9)
  13 orc zombies
  4 fungi
  3 plants
  A spectral weapon (Lair:6)
66 creatures vanquished.

Grand Total: 633 creatures vanquished

Notes
Turn   | Place    | Note
-------+----------+-------------------------------------------
     0 | D:1      | Fymir27 the Vampire Enchanter began the quest for the Orb.
     0 | D:1      | Reached XP level 1. HP: 13/13 MP: 3/3
   144 | D:1      | Reached XP level 2. HP: 12/19 MP: 1/5
   148 | D:1      | Learned a level 2 spell: Ensorcelled Hibernation
   516 | D:1      | Reached skill level 5 in Stealth
   897 | D:1      | Reached skill level 5 in Hexes
  1023 | D:1      | Reached XP level 3. HP: 24/24 MP: 4/6
  1028 | D:1      | Learned a level 3 spell: Confuse
  1271 | D:1      | Reached skill level 1 in Ice Magic
  1732 | D:2      | Reached XP level 4. HP: 30/30 MP: 1/7
  2062 | D:2      | Noticed Robin
  2069 | D:2      | Killed Robin
  2253 | D:2      | Noticed Jessica
  2313 | D:2      | Killed Jessica
  2313 | D:2      | Reached XP level 5. HP: 29/35 MP: 5/8
  2469 | D:2      | Noticed Sigmund
  2487 | D:2      | Killed Sigmund
  2487 | D:2      | Reached XP level 6. HP: 38/41 MP: 0/9
  3039 | D:3      | Found a burning altar of Makhleb.
  3099 | D:3      | Noticed Natasha
  3179 | D:3      | Killed Natasha
  3582 | D:3      | Learned a level 3 spell: Tukima's Dance
  3588 | D:3      | Noticed Grinder
  3593 | D:3      | Found a glowing golden altar of the Shining One.
  3595 | D:3      | Paralysed by Grinder for 6 turns
  3605 | D:3      | Killed Grinder
  3605 | D:3      | Reached XP level 7. HP: 17/46 MP: 1/10
  3698 | D:3      | Found a burning altar of Makhleb.
  3701 | D:3      | Found an iron altar of Okawaru.
  4148 | D:4      | Noticed zuik's ghost (novice MfGl)
  4277 | D:4      | Killed zuik's ghost
  4277 | D:4      | Reached XP level 8. HP: 52/52 MP: 3/11
  4666 | D:5      | Entered Level 5 of the Dungeon
  4726 | D:5      | Reached skill level 5 in Short Blades
  4781 | D:5      | Reached skill level 5 in Dodging
  4871 | D:5      | Noticed Pikel
  4907 | D:5      | Killed Pikel
  4975 | D:5      | Found an iron altar of Okawaru.
  5063 | D:5      | Found Gajyigh's Distillery.
  5086 | D:5      | Bought a potion of degeneration for 12 gold pieces
  5086 | D:5      | Bought a potion of heal wounds for 60 gold pieces
  5086 | D:5      | Bought a potion of agility for 48 gold pieces
  5694 | D:6      | Reached XP level 9. HP: 44/62 MP: 12/12
  6089 | D:6      | Noticed Eustachio
  6093 | D:6      | Killed Eustachio
  6203 | D:6      | Found a staircase to the Ecumenical Temple.
  6213 | Temple   | Entered the Ecumenical Temple
  6328 | Temple   | Became a worshipper of Yredelemnul the Dark
  6554 | D:6      | Reached skill level 10 in Stealth
  7322 | D:7      | Learned a level 2 spell: Blink
  7357 | D:7      | Noticed a green ugly thing
  7361 | D:7      | Killed a green ugly thing
  7361 | D:7      | Reached skill level 1 in Translocations
  7680 | D:7      | Reached skill level 10 in Hexes
  8989 | D:7      | Found a runed door.
  8993 | D:7      | Noticed Crazy Yiuf
  8997 | D:7      | Killed Crazy Yiuf
  9079 | D:8      | Found a transporter.
  9132 | D:8      | Reached * piety under Yredelemnul
  9170 | D:8      | Found a transporter.
  9213 | D:8      | Found a sand-covered staircase.
  9220 | Ossuary  | Entered an ossuary
  9257 | Ossuary  | Reached XP level 10. HP: 70/70 MP: 14/14
  9541 | D:8      | Found a sparkling altar of Nemelex Xobeh.
 10582 | D:9      | Reached ** piety under Yredelemnul
 10677 | D:9      | Reached skill level 1 in Invocations
 10996 | D:9      | Found Fiwkeirph's Demolitions Depot.
 11309 | D:9      | Noticed an orc warlord
 11596 | D:9      | Reached *** piety under Yredelemnul
 11621 | D:9      | Noticed Erica
 11852 | D:9      | Reached XP level 11. HP: 57/75 MP: 0/17
 12236 | D:9      | Killed an orc warlord
 12634 | D:10     | Entered Level 10 of the Dungeon
 12849 | D:10     | Noticed an unseen horror
 12851 | D:10     | Reached **** piety under Yredelemnul
 12854 | D:10     | Reached skill level 5 in Invocations
 12858 | D:10     | Killed an unseen horror
 12895 | D:10     | Received a gift from Yredelemnul (5 flying skulls)
 13046 | D:10     | Noticed an unseen horror
 13060 | D:10     | Killed an unseen horror
 13068 | D:10     | Found Pisk's General Store.
 13076 | D:10     | Bought a scroll of blinking for 120 gold pieces
 13076 | D:10     | Bought a scroll of fear for 56 gold pieces
 13084 | D:10     | Identified a scroll of acquirement
 13451 | D:10     | Noticed a two-headed ogre
 13458 | D:10     | Killed a two-headed ogre
 13588 | D:10     | Reached skill level 5 in Fighting
 13808 | D:11     | Found a staircase to the Orcish Mines.
 13815 | D:11     | Received a gift from Yredelemnul (3 flying skulls)
 13945 | D:11     | HP: 2/79 [centaur/arrow (6)]
 14101 | D:10     | Received a gift from Yredelemnul (a wight)
 14891 | D:11     | Found a blossoming altar of Fedhas.
 14891 | D:11     | Noticed an oklob plant
 14908 | D:11     | Killed an oklob plant
 14908 | D:11     | Reached XP level 12. HP: 86/86 MP: 13/18
 14915 | D:11     | Received a gift from Yredelemnul (a mummy)
 14994 | D:11     | Found a staircase to the Lair.
 15197 | D:11     | Noticed a four-headed hydra
 15213 | D:11     | Killed a four-headed hydra
 15554 | D:11     | Reached skill level 10 in Dodging
 15713 | Lair:1   | Entered Level 1 of the Lair of Beasts
 15772 | Lair:1   | Learned a level 2 spell: Passwall
 16679 | Lair:2   | Received a gift from Yredelemnul (a vampire)
 16872 | Lair:2   | Noticed a catoblepas
 16884 | Lair:2   | Killed a catoblepas
 16903 | Lair:2   | Learned a level 3 spell: Spectral Weapon
 16906 | Lair:2   | Learned a level 2 spell: Shroud of Golubria
 17089 | Lair:2   | Reached skill level 5 in Ice Magic
 17318 | Lair:2   | Noticed a death yak
 17325 | Lair:2   | Killed a death yak
 17402 | Lair:3   | Found a dark tunnel.
 17409 | Volcano  | Entered a volcano
 17508 | Volcano  | Reached skill level 10 in Short Blades
 17509 | Volcano  | Received a gift from Yredelemnul (4 flying skulls)
 17666 | Lair:3   | Reached skill level 1 in Shields
 17718 | Lair:3   | Noticed a four-headed hydra
 17725 | Lair:3   | Killed a four-headed hydra
 17757 | Lair:3   | Reached ***** piety under Yredelemnul
 17818 | Lair:3   | Received a gift from Yredelemnul (a wight)
 17830 | Lair:3   | Reached XP level 13. HP: 62/91 MP: 2/19
 18018 | Lair:3   | Found a staircase to the Swamp.
 18079 | Lair:3   | Received a gift from Yredelemnul (a vampire)
 18303 | Lair:4   | Found a hole to the Spider Nest.
 19206 | Lair:5   | Received a gift from Yredelemnul (a wraith)
 19307 | Lair:5   | Noticed Rupert
 19317 | Lair:5   | Killed Rupert
 19716 | Lair:6   | Entered Level 6 of the Lair of Beasts
 19973 | Lair:6   | Received a gift from Yredelemnul (a skeletal warrior)
 20060 | Lair:6   | Noticed a fire dragon
 20927 | Lair:6   | Found a large runed door.
 20929 | Lair:6   | Found the +2 Maxwell's thermic engine {flame, freeze, rF- rC-}
 21012 | Lair:6   | Killed from afar by a molten gargoyle

Skill      XL: |  1  2  3  4  5  6  7  8  9 10 11 12 13 |
---------------+----------------------------------------+-----
Stealth        | 5 6 7 8 9 11 12 14 | 14.9
Hexes          | 5 6 7 9 10 11 12 13 14 | 14.3
Short Blades   | 2 3 4 5 6 7 9 10 | 10.0
Ice Magic      | 1 2 3 4 5 7 |  7.0
Dodging        | 3 4 6 7 8 9 10 | 10.2
Fighting       | 2 3 5 |  5.3
Spellcasting   | 3 4 |  4.0
Translocations | 2 3 |  3.4
Invocations    | 3 6 7 |  7.9
Shields        | 2 4 |  4.0

Action                   |  1- 3 |  4- 6 |  7- 9 | 10-12 | 13-15 || total
-------------------------+-------+-------+-------+-------+-------++-------
Melee: Dagger            |    75 |   125 |   191 |   583 |   136 ||  1110
       Bite              |     3 |     5 |    16 |    54 |    11 ||    89
       Unarmed           |       |       |     1 |     4 |       ||     5
       Demon blade       |       |       |       |     8 |       ||     8
Throw: Stone             |     1 |       |       |       |       ||     1
       Tomahawk          |       |       |     3 |     2 |       ||     5
 Cast: Corona            |    10 |    11 |     6 |     4 |       ||    31
       Ensorcelled Hiber |    27 |    42 |    89 |   173 |    35 ||   366
       Confuse           |       |     3 |    16 |    94 |    19 ||   132
       Spectral Weapon   |       |       |       |     2 |     9 ||    11
       Tukima's Dance    |       |       |       |       |     1 ||     1
Invok: Animate Remains   |       |       |       |    12 |       ||    12
       Animate Dead      |       |       |       |    46 |    15 ||    61
       Recall Undead Sla |       |       |       |     6 |     5 ||    11
 Abil: End Transformatio |       |       |     3 |     7 |     1 ||    11
       Bat Form          |       |       |     3 |     7 |     1 ||    11
Evoke: Wand              |       |       |     1 |       |     1 ||     2
  Use: Potion            |       |     1 |    10 |    12 |     5 ||    28
       Scroll            |       |     3 |     6 |    15 |     7 ||    31
 Stab: Sleeping          |    23 |    33 |    77 |   129 |    30 ||   292
       Confused          |       |     3 |    12 |    50 |     8 ||    73
       Distracted        |       |       |     2 |     9 |     2 ||    13
  Eat: Corpse            |       |       |       |       |     1 ||     1
Armor: Robe              |    19 |    19 |    15 |    55 |     6 ||   114
Dodge: Dodged            |    50 |   105 |   164 |   368 |    87 ||   774
Block: Buckler           |       |       |       |       |    17 ||    17
       Rpst.: Demon blade |       |       |       |     4 |       ||     4
